 Dungeon Crawl Stone Soup version 0.25-a0-697-g890751e744 (webtiles) character file.

Game seed: 12456165824050851567, levelgen mode: deterministic

554 Esekla the Skirmisher (level 7, -1/56 HPs)
             Began as a Formicid Abyssal Knight on Mar 31, 2020.
             Was a Priest of Lugonu.
             Slain by a centaur (14 damage)
             ... on level 5 of the Dungeon.
             The game lasted 00:27:01 (3373 turns).

Esekla the Skirmisher (Formicid Abyssal Knight)     Turns: 3373, Time: 00:27:02

Health: -1/56      AC:  6    Str: 16    XL:     7   Next: 55%
Magic:  8/8        EV: 12    Int: 10    God:    Lugonu [***...]
Gold:   211        SH:  4    Dex: 15    Spells: 6/6 levels left

rFire    . . .     SeeInvis +   y - +3 hand axe of Joyful Slaughter {vorpal, +Rage rElec rN+}
rCold    . . .     Gourm    .   e - +0 buckler
rNeg     + . .     Faith    .   b - +0 leather armour
rPois    .         Spirit   .   (helmet unavailable)
rElec    +         Reflect  .   (no cloak)
rCorr    .         Harm     .   h - +2 pair of gloves {Dex+3}
MR       .....                  (no boots)
Stlth    ++........             (no amulet)
HPRegen  0.18/turn              (no ring)
MPRegen  0.11/turn              (no ring)

@: mighty
A: permanent stasis, dig shafts and tunnels, four strong arms, antennae 3, dopey
1
a: Dig, Shaft Self, Depart the Abyss, Bend Space, Banish, Renounce Religion


You were on level 5 of the Dungeon.
You worshipped Lugonu.
Lugonu was most pleased with you.
You were not hungry.

You visited 1 branch of the dungeon, and saw 5 of its levels.
You visited the Abyss 1 time.

You collected 211 gold pieces.

Inventory:

Hand Weapons
 a - a +1 falchion
 g - a +1 short sword of electrocution
 u - a +2 short sword of protection
 w - a +1 falchion of holy wrath
 y - the +3 hand axe of Joyful Slaughter (weapon) {vorpal, +Rage rElec rN+}
   (You found it on level 4 of the Dungeon)

   It inflicts extra damage upon your enemies.
   It insulates you from electricity.
   It protects you from negative energy.
   It lets you go berserk.
 z - a +0 trident
Armour
 b - a +0 leather armour (worn)
 e - a +0 buckler (worn)
 h - a +2 pair of gloves of dexterity (worn)
Scrolls
 d - a scroll of fear {unknown}
 f - 3 scrolls of identify
 k - a scroll of enchant armour {unknown}
 l - a scroll of remove curse
 m - a scroll of immolation {unknown}
 o - 2 scrolls of magic mapping {unknown}
 q - a scroll of amnesia {unknown}
Potions
 i - a potion of curing
 s - a potion of invisibility {unknown}
 t - 2 potions of stabbing
 v - a potion of haste {unknown}
 x - a potion of resistance
Miscellaneous
 j - a lightning rod (2/4)
Comestibles
 c - 6 rations


   Skills:
 * Level 5.6 Fighting
 + Level 1.6(3.3) Short Blades
 + Level 4.5(4.7) Long Blades
 + Level 1.4 Axes
 + Level 3.0 Armour
 + Level 1.9 Dodging
 + Level 1.7 Stealth
 + Level 1.3 Shields
 + Level 2.5 Invocations
 + Level 0.1 Evocations


You had 6 spell levels left.
You didn't know any spells.
Your spell library was empty.

Dungeon Overview and Level Annotations

Branches:
Dungeon (5/15)
 Temple: D:4-7

Altars:
Ashenzari
Cheibriados
Dithmenos
Elyvilon
Fedhas
Gozag
Okawaru
Qazlal
Ru
Xom
The Shining One


Innate Abilities, Weirdness & Mutations

You cannot be hasted, slowed, berserked, paralysed or teleported.
You can dig through walls and to a lower floor.
Your four strong arms can wield two-handed weapons with a shield.
You have a pair of large antennae on your head. (SInv)
You are dopey. (Int -2)


Message History

You closely miss the centaur.
The centaur is moderately wounded.
You hit the orc.
You kill the orc!
Lugonu accepts your kill.
You can now banish your foes.
You block the centaur's attack. The centaur closely misses you.
The orc priest looks encouraged for a moment.
You block the centaur's attack. The centaur completely misses you.
You block the centaur's attack. The centaur misses you.
The centaur completely misses you.
You slash the centaur!
The centaur is heavily wounded.
The centaur hits you. x2; You block the centaur's attack.
The centaur hits you.
* * * LOW HITPOINT WARNING * * *
The orc priest barely misses you. You block the centaur's attack.
You barely miss the orc priest. You hit the centaur.
The centaur hits you but does no damage.
The centaur hits you!
You die...

..#.......# .#.#
#.#.......# .#.
#.##..)..# ..
#.####.####..# .# #.#
#............# .# #.#
###...(####..## .# #(#
#...).......# .# #.#
#)..o####.#.#
.#####.#####.#.c@###.#.
#.......................
#........###.#.#.#.#.#.#
#........###.#...#.#
#....!....##.##..# #
#.........##.##.>#
#.........+.......
##........##.###.#.
#............ ..


You could see a centaur (berserk) and an orc priest.

Vanquished Creatures
  An ice beast (D:5)
  An ogre (D:5)
  2 scorpions (D:4)
  A hound (D:5)
  4 orc wizards
  3 adders
  A shadow imp (D:5)
  An adder skeleton (D:4)
  2 worms
  3 dart slugs
  3 leopard geckos (D:3)
  13 orcs
  5 bats
  3 giant cockroaches
  8 goblins
  8 hobgoblins
  6 jackals
  9 kobolds
  4 frilled lizards
  A leopard gecko skeleton (D:4)
  9 rats
88 creatures vanquished.

Notes
Turn   | Place    | Note
-------+----------+-------------------------------------------
     0 | Abyss:1  | Esekla the Formicid Abyssal Knight began the quest for the
                  | Orb.
     0 | Abyss:1  | Reached XP level 1. HP: 18/18 MP: 2/2
    76 | Abyss:3  | Noticed a neqoxec
    91 | Abyss:3  | Noticed a large abomination
    99 | Abyss:3  | Noticed a shadow wraith
    99 | Abyss:3  | Gained mutation: You are dopey. (Int -2) [a neqoxec]
   105 | D:1      | Escaped the Abyss
   236 | D:1      | Reached * piety under Lugonu
   473 | D:1      | Reached XP level 2. HP: 22/24 MP: 3/3
  1003 | D:1      | Reached skill level 4 in Fighting
  1011 | D:1      | Reached XP level 3. HP: 30/30 MP: 4/4
  1362 | D:2      | Reached skill level 1 in Dodging
  1408 | D:2      | Found a blossoming altar of Fedhas,
  1520 | D:2      | Reached XP level 4. HP: 38/38 MP: 5/5
  1660 | D:3      | Reached XP level 5. HP: 30/43 MP: 6/6
  1662 | D:3      | Reached ** piety under Lugonu
  2029 | D:3      | Found a blossoming altar of Fedhas,
  2033 | D:3      | Found a glowing golden altar of the Shining One,
  2033 | D:3      | Found a shadowy altar of Dithmenos,
  2042 | D:3      | Found a snail-covered altar of Cheibriados,
  2137 | D:3      | Found a white marble altar of Elyvilon,
  2356 | D:4      | Reached skill level 5 in Fighting
  2356 | D:4      | Reached skill level 1 in Stealth
  2356 | D:4      | Reached XP level 6. HP: 6/51 MP: 7/7
  2534 | D:4      | Noticed an ogre
  2766 | D:4      | Found an iron altar of Okawaru,
  2778 | D:4      | Got a crystal hand axe
  2793 | D:4      | Identified the +3 hand axe of Joyful Slaughter {vorpal,
                  | +Rage rElec rN+} (You found it on level 4 of the Dungeon)
  2838 | D:4      | Found a shattered altar of Ashenzari,
  2852 | D:4      | Reached skill level 1 in Short Blades
  2858 | D:4      | Reached skill level 1 in Shields
  2995 | D:5      | Entered Level 5 of the Dungeon
  3006 | D:5      | Noticed an ice beast
  3023 | D:5      | Killed an ice beast
  3023 | D:5      | Reached XP level 7. HP: 23/56 MP: 8/8
  3192 | D:5      | Reached skill level 1 in Axes
  3202 | D:5      | Found a sacrificial altar of Ru,
  3296 | D:5      | Found a shimmering altar of Xom,
  3298 | D:5      | Found an opulent altar of Gozag,
  3356 | D:5      | Found a stormy altar of Qazlal,
  3368 | D:5      | Reached *** piety under Lugonu
  3373 | D:5      | Slain by a centaur

Levels and vault maps discovered:
D:1:      lemuel_arrival_hallway, layout_loops_ring
D:2:      layout_basic, fedhas_altar_4
D:3:      layout_rooms, overflow_temple_1_default, grunt_temple_overflow_open
D:4:      layout_basic, nicolae_ashenzari_panopticon, lightli_temple_of_fire,
          minmay_tree_intersection, okawaru_ov_weapons_minmay
D:5:      layout_basic, old_standard_altar, nicolae_ru_awakened_eye,
          nicolae_overflow_hidden_temple, first_ration

Skill      XL: |  1  2  3  4  5  6  7 |
---------------+----------------------+-----
Fighting       | 4 5 |  5.6
Dodging        | 1 |  1.9
Long Blades    | 3 4 |  4.5
Stealth        | 1 |  1.7
Short Blades   | 1 |  1.6
Shields        | 1 |  1.3
Axes           | 1 |  1.4
Armour         | 3 |  3.0
Invocations    | |  2.5
Evocations     | |  0.1

Action                   |  1- 3 |  4- 6 |  7- 9 || total
-------------------------+-------+-------+-------++-------
Melee: Falchion          |    96 |    80 |     5 ||   181
       Short sword       |       |    55 |     6 ||    61
       Hand axe          |       |    18 |    17 ||    35
Invok: Depart the Abyss  |     1 |       |       ||     1
Evoke: Lightning rod     |     2 |       |     2 ||     4
  Use: Scroll            |       |     3 |     3 ||     6
       Potion            |       |       |     1 ||     1
 Stab: Sleeping          |       |     1 |       ||     1
  Eat: Chunk             |     1 |     3 |     1 ||     5
       Ration            |       |     1 |       ||     1
Armor: Leather armour    |    30 |    50 |    15 ||    95
Dodge: Dodged            |    47 |    77 |    29 ||   153
Block: Buckler           |    14 |    18 |     7 ||    39
       Rpst.: Falchion   |    19 |     9 |     1 ||    29

Table legend:
 A = Non-vault XP
 B = Vault XP
 C = Vault XP percentage of total XP
 D = Non-vault monster count
 E = Vault monster count
 F = Vault count percentage of total count
                 A         B        C        D         E       F
            +---------+---------+-------+---------+---------+-------
      Total |     792 |       0 |   0.0 |      88 |       0 |   0.0
            +---------+---------+-------+---------+---------+-------
        D:1 |      36 |       0 |   0.0 |      20 |       0 |   0.0
        D:2 |      49 |       0 |   0.0 |      25 |       0 |   0.0
        D:3 |     139 |       0 |   0.0 |      23 |       0 |   0.0
        D:4 |     231 |       0 |   0.0 |      10 |       0 |   0.0
        D:5 |     337 |       0 |   0.0 |      10 |       0 |   0.0
            +---------+---------+-------+---------+---------+-------
